 Dungeon Crawl Stone Soup version 0.26.0-10-g1f06aea511 (webtiles) character file.

Game seed: 8951299565000640160

55960 night the Basher (level 14, -3/116 HPs)
             Began as a Minotaur Monk on Jan 23, 2021.
             Was the Champion of Hepliaklqana.
             Hit by a javelin thrown by a minotaur (20 damage)
             ... in a Gauntlet.
             The game lasted 01:05:59 (22162 turns).

night the Basher (Minotaur Monk)                   Turns: 22162, Time: 01:05:59

Health: -3/116     AC: 20    Str: 23    XL:     14   Next: 40%
Magic:  20/20      EV: 13    Int: 15    God:    Hepliaklqana [******]
Gold:   1287       SH:  0    Dex: 14    Spells: 13/13 levels left

rFire    . . .     SeeInvis +   x - +0 broad axe (freeze)
rCold    + . .     Faith    .   (no shield)
rNeg     . . .     Spirit   .   b - +0 plate armour
rPois    +         Reflect  .   (helmet restricted)
rElec    .         Harm     .   z - +1 cloak
rCorr    .         Rampage  .   U - +0 pair of gloves {archery}
Will     ++...     NoTele   +   (no boots)
Stlth    ..........             a - amulet of Deredac {rPois Regen+ Int+3}
HPRegen  0.69/turn              t - ring of see invisible
MPRegen  0.17/turn              T - ring of Junnucw {*Drain rC+ Will+ Str+3 Int+5}

@: mighty, berserk cooldown, slowed, very slow
A: retaliatory headbutt, reduced essence, horns 2
a: Renounce Religion, Recall Ancestor, Ancestor Identity, Transference, Idealise


You were in a Gauntlet.
You worshipped Hepliaklqana.
Hepliaklqana was exalted by your worship.
You visited 3 branches of the dungeon, and saw 19 of its levels.
You also visited: Gauntlet.

You collected 1395 gold pieces.
You spent 108 gold pieces at shops.

Inventory:

Hand Weapons
 w - the +5 great mace "Werof" {freeze, +Rage}
   (You found it on level 6 of the Lair of Beasts)

   It has been specially enchanted to freeze those struck by it, causing extra
   injury to most foes and up to half again as much damage against particularly
   susceptible opponents.
   It can also slow down cold-blooded creatures.
   It lets you go berserk.
 x - a +0 broad axe of freezing (weapon)
 H - a +2 whip of electrocution
 Q - a +0 morningstar
 Z - a +4 battleaxe of draining
Missiles
 i - a throwing net
 o - 3 atropa-tipped darts (quivered)
 y - 3 javelins
 B - 20 poisoned darts
 K - 26 boomerangs
Armour
 b - a +0 plate armour (worn)
 z - a +1 cloak (worn)
 M - a +0 kite shield
 U - a +0 pair of gloves of archery (worn)
Jewellery
 a - the amulet of Deredac (around neck) {rPois Regen+ Int+3}
   (You found it on level 1 of the Lair of Beasts)

   [amulet of regeneration]

   It affects your intelligence (+3).
   It protects you from poison.
   It increases your rate of regeneration.
 t - a ring of see invisible (left hand)
 G - the ring of the Mage {Wiz Will++ Int+3}
   (You found it in a Gauntlet)

   [ring of wizardry]

   It improves your spell success rate.
   It affects your intelligence (+3).
   It affects your willpower, your defense against some magical effects.
 R - an uncursed ring of magical power
 T - the ring of Junnucw (right hand) {*Drain rC+ Will+ Str+3 Int+5}
   (You found it in a Gauntlet)

   [ring of protection from cold]

   It affects your strength (+3).
   It affects your intelligence (+5).
   It protects you from cold.
   It affects your willpower, your defense against some magical effects.
   It causes draining when unequipped.
 V - an uncursed ring of fire
 W - an uncursed amulet of reflection
Wands
 c - a wand of paralysis (2)
 q - a wand of disintegration (43)
 s - a wand of polymorph (20)
 D - a wand of random effects (18)
 F - a wand of enslavement (9)
 Y - a wand of acid (8)
Scrolls
 d - a scroll of holy word {unknown}
 f - 2 scrolls of immolation
 j - 8 scrolls of teleportation
 k - 9 scrolls of remove curse
 p - 3 scrolls of amnesia {unknown}
 I - 4 scrolls of enchant weapon {unknown}
 J - 3 scrolls of noise {unknown}
 L - 4 scrolls of magic mapping
 O - 4 scrolls of fear
 P - a scroll of fog
 X - 2 scrolls of silence
Potions
 e - 3 potions of might
 h - 6 potions of attraction
 m - a potion of resistance
 n - 3 potions of flight
 r - 4 potions of invisibility
 u - 7 potions of lignification
 v - 6 potions of curing
 C - 4 potions of mutation
 E - 4 potions of brilliance
 S - 3 potions of ambrosia


   Skills:
 + Level 13.3 Fighting
 + Level 9.2(12.5) Axes
 - Level 13.8(14.7) Maces & Flails
 + Level 12.9 Armour
 + Level 12.4 Dodging
 - Level 1.5 Stealth
 + Level 10.3 Invocations


You had 13 spell levels left.
You didn't know any spells.
Your spell library contained the following spells:

 Spells                   Type           Power        Failure   Level
 Animate Skeleton         Necr           0%           95%         1
 Magic Dart               Conj           0%           95%         1
 Pain                     Necr           0%           95%         1
 Blink                    Tloc           N/A          99%         2
 Call Imp                 Summ           0%           99%         2
 Poisonous Vapours        Pois/Air       0%           99%         2
 Searing Ray              Conj           0%           99%         2
 Slow                     Hex            0%           99%         2
 Conjure Flame            Conj/Fire      0%           100%        3
 Dazzling Flash           Conj/Hex       0%           100%        3
 Mephitic Cloud           Conj/Pois/Air  0%           100%        3
 Vampiric Draining        Necr           0%           100%        3
 Animate Dead             Necr           0%           100%        4
 Fulminant Prism          Conj/Hex       0%           100%        4
 Iskenderun's Mystic Bla  Conj/Tloc      0%           100%        4
 Agony                    Necr           0%           100%        5
 Bolt of Magma            Conj/Fire/Erth 0%           100%        5
 Iskenderun's Battlesphe  Conj           0%           100%        5
 Freezing Cloud           Conj/Ice/Air   0%           100%        6
 Iron Shot                Conj/Erth      0%           100%        6
 Orb of Destruction       Conj           0%           100%        7
 Spellforged Servitor     Conj/Summ      0%           100%        7


Dungeon Overview and Level Annotations

Branches:
Dungeon (12/15)            Temple (1/1) D:6            Lair (6/6) D:8
 Shoals (0/4) Lair:4        Snake (0/4) Lair:2        Slime (0/5) Lair:6
    Orc (0/2) D:12        Gauntlet (1/1)

Altars:
Ashenzari
Cheibriados
Dithmenos
Elyvilon
Fedhas
Gozag
Hepliaklqana
Kikubaaqudgha
Makhleb
Nemelex Xobeh
Okawaru
Qazlal
Ru
Sif Muna
Trog
Uskayaw
Vehumet
Wu Jian
Xom
Yredelemnul
Zin
The Shining One
Jiyva

Shops:
D:11 ?

Annotations:
Lair:6 1 runed translucent door Gauntlet 10 transporters, 21 runed translucent doors, exclusion: ice statue


Innate Abilities, Weirdness & Mutations

You reflexively headbutt those who attack you in melee.
You have a pair of horns on your head.
Your life essence is reduced to manifest your ancestor. (-10% HP)


Message History

* * * LOW HITPOINT WARNING * * *
The minotaur gores you!
* * * LOW HITPOINT WARNING * * *
Okay, then.
Okay, then.
The minotaur throws a javelin.
The javelin completely misses you.
As you read the scroll of summoning, it crumbles to dust.
Wisps of shadow whirl around you...
The minotaur throws a javelin.
The javelin pierces through you!
* * * LOW HITPOINT WARNING * * *
The javelin pierces through your white imp!!
Your white imp dies!
You feel better.
Your fire bat closely misses the minotaur.
The minotaur throws a javelin.
The javelin pierces through your fire bat!!
Your fire bat dies!
The javelin pierces through you but does no damage.
The minotaur throws a javelin.
The javelin pierces through you!!
You die...

......#.#..≈∩≈..#.#.......≈#
#######.#########.##########
# #≈...............≈# #8# #
#8.8.8.8.8.8.8.8.8# ###
#≈...........(..§≈#
###.#.#######.#.### #
#....#....#.#
#.#.##.#.##3#.#
#..........@b.#
#.#..##'##..#.#
#.#..#8.8#.H#.#
#....#...#....#
###8.#8.8#.8### ####[.:####
#8.8# #!.[#


You could see a minotaur (drained), a friendly neqoxec (summoned) and a friendly
fire bat (summoned).

Vanquished Creatures
  Rupert (Lair:4)
  Nessos (Lair:6)
  Harold (D:7)
  4 hydras
  A boulder beetle (Lair:6)
  4 two-headed ogres
  A hell hog (Gauntlet)
  4 death yaks (Lair:6)
  Pikel (D:7)
  An ugly thing (D:11)
  A worldbinder (Gauntlet)
  A manticore (D:12)
  3 black mambas
  Joseph (Lair:1)
  11 cane toads
  A kobold demonologist (D:10)
  10 komodo dragons
  A troll (D:9)
  3 polar bears
  5 hornets
  13 blink frogs
  A dream sheep (Lair:6)
  14 flying skulls (Gauntlet)
  A vampire (D:10)
  11 spriggans (Lair:6)
  38 yaks
  3 wyverns
  A basilisk (Lair:2)
  4 fire bats (Gauntlet)
  2 wraiths
  Grum (D:11)
  A steam dragon (Lair:3)
  2 vampire mosquitoes (D:11)
  A soldier ant (D:12)
  2 hell hounds (Gauntlet)
  2 nagas (Lair:2)
  12 water moccasins
  7 black bears
  7 orc warriors
  2 phantoms
  2 sky beasts
  A necrophage (D:9)
  2 ice beasts
  5 boggarts
  4 ogres
  23 wolves
  13 centaurs
  A big kobold (D:11)
  14 bullfrogs
  A gnoll sergeant (D:11)
  2 scorpions
  4 wights (D:11)
  10 killer bees
  6 howler monkeys
  A lava snake (D:7)
  A bullfrog zombie (D:11)
  A centaur zombie (D:5)
  7 hounds
  10 orc priests
  4 bullfrog skeletons
  3 jellies
  17 orc wizards
  2 iguanas (D:8)
  4 worker ants
  A hound skeleton (D:11)
  11 gnolls
  2 river rats (Lair:1)
  16 adders
  A shadow imp (D:8)
  A white imp (D:8)
  An ufetubus (D:6)
  An ooze (D:1)
  2 adder skeletons
  An adder zombie (D:6)
  A worm (D:2)
  3 dart slugs
  7 leopard geckos
  47 orcs
  8 giant cockroaches
  12 goblins
  12 hobgoblins
  17 jackals
  11 kobolds
  5 ball pythons
  9 bats
  3 frilled lizards
  A jackal skeleton (D:5)
  A quokka zombie (D:6)
  16 rats
  A spectral orc (D:6)
510 creatures vanquished.

Vanquished Creatures (collateral kills)
  3 hydras
  2 cane toads
  A komodo dragon (Lair:2)
  2 hornets (Lair:6)
  A blink frog (Lair:4)
  Sigmund (D:3)
  2 wyverns
  5 spriggans (Lair:6)
  5 yaks
  A basilisk (Lair:2)
  2 water moccasins
  3 black bears
  A boggart (Lair:6)
  3 ogres
  A wolf (Lair:6)
  6 centaurs
  A lemure (D:7)
  7 bullfrogs
  A scorpion (D:6)
  3 killer bees (D:10)
  A howler monkey (D:7)
  A quasit (D:10)
  3 hounds
  An orc wizard (D:10)
  An iguana (D:4)
  2 worker ants
  2 adders
  A gnoll (D:6)
  8 orcs
  2 goblins
  3 jackals
  A kobold (D:11)
  A leopard gecko zombie (D:6)
78 creatures vanquished.

Vanquished Creatures (others)
  19 hexers
  29 bushes (Lair:6)
  42 fungi
  62 plants
152 creatures vanquished.

Grand Total: 740 creatures vanquished

Notes
Turn   | Place    | Note
-------+----------+-------------------------------------------
     0 | D:1      | night the Minotaur Monk began the quest for the Orb.
     0 | D:1      | Reached XP level 1. HP: 19/19 MP: 0/0
   167 | D:1      | Reached XP level 2. HP: 27/27 MP: 1/1
   293 | D:1      | Reached skill level 1 in Armour
   388 | D:1      | Reached XP level 3. HP: 31/33 MP: 2/2
   817 | D:2      | Reached XP level 4. HP: 40/40 MP: 3/3
  1142 | D:2      | Reached skill level 5 in Maces & Flails
  1483 | D:3      | Reached XP level 5. HP: 29/47 MP: 4/4
  1675 | D:3      | Found a shimmering altar of Xom.
  1676 | D:3      | Found a hazy altar of Hepliaklqana.
  1677 | D:3      | Noticed a spectral ugly thing
  1731 | D:3      | Became a worshipper of Hepliaklqana the Forgotten
  1731 | D:3      | Reached * piety under Hepliaklqana
  1731 | D:3      | Reached ** piety under Hepliaklqana
  1961 | D:3      | Remembered your ancestor Jabu as a hexer
  2091 | D:3      | Noticed Sigmund
  2160 | D:3      | Killed Sigmund
  2161 | D:3      | Reached skill level 5 in Fighting
  2161 | D:3      | Reached XP level 6. HP: 50/50 MP: 5/5
  2569 | D:4      | Reached XP level 7. HP: 54/54 MP: 6/6
  2685 | D:4      | Reached skill level 5 in Dodging
  3295 | D:5      | Entered Level 5 of the Dungeon
  3374 | D:5      | Noticed a +0 hand axe
  3374 | D:5      | Noticed a +0 dagger
  3381 | D:5      | Found a hide-covered altar of Uskayaw.
  3544 | D:5      | Reached XP level 8. HP: 55/63 MP: 7/7
  3798 | D:5      | Reached skill level 1 in Invocations
  3878 | D:5      | Reached *** piety under Hepliaklqana
  4015 | D:6      | Reached skill level 5 in Armour
  4811 | D:6      | Found a basalt altar of Yredelemnul.
  5449 | D:6      | Found a staircase to the Ecumenical Temple.
  5684 | Temple   | Entered the Ecumenical Temple
  6032 | D:7      | Reached **** piety under Hepliaklqana
  6073 | D:7      | Reached XP level 9. HP: 71/71 MP: 8/10
  6185 | D:7      | Noticed Pikel
  6202 | D:7      | Killed Pikel
  6462 | D:7      | Reached skill level 10 in Maces & Flails
  6488 | D:7      | Noticed Harold
  6504 | D:7      | Killed Harold
  6538 | D:7      | Identified the +2 ring mail of Death Resistance {rC+++
                  | rCorr SInv Stlth-}
  6683 | D:7      | Found an ancient bone altar of Kikubaaqudgha.
  6891 | D:8      | Reached XP level 10. HP: 48/79 MP: 12/12
  7001 | D:8      | Noticed a two-headed ogre
  7222 | D:8      | Found a staircase to the Lair.
  7290 | D:8      | Found an iron altar of Okawaru.
  7291 | D:8      | Found a stormy altar of Qazlal.
  7449 | D:8      | Killed a two-headed ogre
  7450 | D:8      | Reached skill level 5 in Invocations
  8533 | D:9      | Noticed a two-headed ogre
  8544 | D:9      | Killed a two-headed ogre
  8745 | D:9      | Found a sacrificial altar of Ru.
  8792 | D:9      | Reached XP level 11. HP: 48/87 MP: 14/14
  9486 | D:10     | Entered Level 10 of the Dungeon
  9548 | D:10     | Found a blossoming altar of Fedhas.
 12311 | Lair:1   | Entered Level 1 of the Lair of Beasts
 12631 | Lair:1   | Reached ***** piety under Hepliaklqana
 12685 | Lair:1   | Got a faintly glowing platinum amulet
 12686 | Lair:1   | Identified the amulet of Deredac {rPois Regen+ Int+3} (You
                  | found it on level 1 of the Lair of Beasts)
 13074 | Lair:1   | Noticed Joseph
 13090 | Lair:1   | Killed Joseph
 13091 | Lair:1   | Reached skill level 10 in Fighting
 13741 | Lair:2   | Found a staircase to the Snake Pit.
 14430 | Lair:2   | Reached XP level 12. HP: 48/96 MP: 16/16
 14434 | Lair:2   | Reached skill level 1 in Axes
 14585 | Lair:3   | Reached skill level 10 in Armour
 14833 | Lair:3   | Noticed a seven-headed hydra
 15022 | Lair:3   | Killed a seven-headed hydra
 15023 | Lair:3   | Reached skill level 10 in Dodging
 15545 | Lair:4   | Found a staircase to the Shoals.
 15955 | Lair:4   | Noticed Rupert
 15971 | Lair:4   | Killed Rupert
 16379 | Lair:5   | Reached skill level 5 in Axes
 16514 | Lair:5   | Noticed a four-headed hydra
 16525 | Lair:5   | Killed a four-headed hydra
 16805 | Lair:5   | Reached XP level 13. HP: 57/105 MP: 18/18
 16955 | Lair:5   | You fall into a shaft and drop 1 floor!
 16955 | Lair:6   | Entered Level 6 of the Lair of Beasts
 16966 | Lair:6   | Noticed Nessos
 17083 | Lair:6   | Got a steaming great mace
 17103 | Lair:6   | Identified the +5 great mace "Werof" {freeze, +Rage} (You
                  | found it on level 6 of the Lair of Beasts)
 17169 | Lair:6   | Killed Nessos
 17214 | Lair:6   | Found a runed translucent door.
 17214 | Lair:6   | Found a viscous altar of Jiyva.
 17215 | Lair:6   | Found a staircase to the Slime Pits.
 18221 | Lair:5   | Reached ****** piety under Hepliaklqana
 19368 | Lair:6   | Reached XP level 14. HP: 114/114 MP: 20/20
 20526 | D:11     | Found a flagged portal.
 20628 | D:11     | Noticed Grum
 20633 | D:11     | Killed Grum
 20650 | D:11     | Reached skill level 10 in Invocations
 20790 | D:11     | Found Jaciym's Magic Scroll Boutique.
 20803 | D:11     | Bought a scroll of magic mapping for 42 gold pieces
 20803 | D:11     | Bought a scroll of fear for 42 gold pieces
 20803 | D:11     | Bought a scroll of fog for 24 gold pieces
 20808 | D:11     | Identified a scroll of acquirement
 20809 | D:11     | Acquired a +2 executioner's axe of draining
 21310 | D:12     | Found a gate leading to a gauntlet.
 21344 | D:12     | Found a staircase to the Orcish Mines.
 21358 | Gauntlet | Entered a Gauntlet
 21358 | Gauntlet | Found a transporter.
 21358 | Gauntlet | Found a transporter.
 21362 | Gauntlet | Found a transporter.
 21362 | Gauntlet | Found a transporter.
 21364 | Gauntlet | Found a large runed translucent door.
 21365 | Gauntlet | Found a large runed translucent door.
 21366 | Gauntlet | Found a large runed translucent door.
 21366 | Gauntlet | Found a large runed translucent door.
 21366 | Gauntlet | Found a runed translucent door.
 21366 | Gauntlet | Found a runed translucent door.
 21367 | Gauntlet | Found a large runed translucent door.
 21367 | Gauntlet | Found a large runed translucent door.
 21367 | Gauntlet | Found a large runed translucent door.
 21367 | Gauntlet | Found a large runed translucent door.
 21368 | Gauntlet | Found a large runed translucent door.
 21369 | Gauntlet | Found a large runed translucent door.
 21369 | Gauntlet | Found a transporter.
 21382 | Gauntlet | Found a large runed translucent door.
 21382 | Gauntlet | Found a large runed translucent door.
 21383 | Gauntlet | Found a large runed translucent door.
 21383 | Gauntlet | Found a large runed translucent door.
 21383 | Gauntlet | Found a large runed translucent door.
 21383 | Gauntlet | Found a large runed translucent door.
 21386 | Gauntlet | Found a runed translucent gate.
 21386 | Gauntlet | Found a runed translucent gate.
 21386 | Gauntlet | Found a runed translucent gate.
 21388 | Gauntlet | Found a transporter.
 21398 | Gauntlet | Found a transporter.
 21403 | Gauntlet | Found a transporter.
 21411 | Gauntlet | Found a transporter.
 21432 | Gauntlet | Found a transporter.
 21439 | Gauntlet | Found a transporter.
 21457 | Gauntlet | Found a transporter.
 21503 | Gauntlet | Found a transporter.
 21517 | Gauntlet | Found a transporter.
 21618 | Gauntlet | Found a transporter.
 21634 | Gauntlet | Found a transporter.
 21635 | Gauntlet | Found the ring of the Mage {Wiz Will++ Int+3}
 21808 | Gauntlet | Got a clouded silver ring
 21836 | Gauntlet | Identified the ring of Junnucw {*Drain rC+ Will+ Str+3
                  | Int+5} (You found it in a Gauntlet)
 22140 | Gauntlet | Identified the cursed +1 hand crossbow "Hilikaff" {vorpal,
                  | rElec rC- rN+ SInv}
 22162 | Gauntlet | Hit by a javelin thrown by a minotaur

Illustrated notes

Levels and vault maps discovered:
D:1:      minmay_arrival_widening_spiral_wide, layout_basic, minmay_pentomino_p4
D:2:      layout_basic, minmay_rat_gold_closets
D:3:      layout_basic, regret_index_temple_of_mockery, minmay_ruptured,
          uniq_sigmund
D:4:      layout_loops_cross
D:5:      layout_cave_pools, dancing_weapons_uskayaw
D:6:      layout_layer_cave, yredelemnul_forgotten_temple_becter,
          minmay_temple_entry_enclosed_plants, serial_bayou_pond_a,
          kennysheep_windowed_goal
D:7:      layout_loops_ring, nicolae_overflow_hidden_temple,
          grunt_decor_junction, uniq_harold, uniq_pikel
D:8:      layout_gridville, gammafunk_temple_overflow_pools,
          minmay_lair_entry_grove
D:9:      layout_rooms, nicolae_ru_sacrificial_ziggurat
D:10:     minmay_flawed_box, layout_gridville, special_room [special_room_orc],
          chequers_serial_rivers_micro_e, fedhas_altar_2
D:11:     layout_basic, enter_bailey_3, serial_shops, shop, uniq_grum
D:12:     minmay_containers, layout_cave_pods, gauntlet_entry_generic
Temple:   zaba_magenta_temple
Lair:1:   layout_hall_layers, st_stairs_10, pond, infiniplex_staircase_pool_2,
          uniq_joseph
Lair:2:   layout_cave_pods, guppyfry_snake_entry_garden, grunt_megastairs_1,
          infiniplex_staircase_pool
Lair:3:   layout_loops_ring
Lair:4:   layout_cave_pods, minmay_shoals_entry_centaurs, uniq_rupert
Lair:5:   layout_cave_pods, lemuel_old_faithful
Lair:6:   minmay_lair_end_enchanted_forest, layout_cave_pods, slime_altar_2,
          minmay_hedge_maze, small_statue_intersection, uniq_nessos
Gauntlet: gammafunk_gauntlet_branching [nicolae_gauntlet_arena_quarters,
          nicolae_gauntlet_arena_flowing_pool, gammafunk_gauntlet_arena_grid,
          minmay_gauntlet_arena_make_your_own_arena,
          nicolae_gauntlet_arena_t_cross,
          gammafunk_gauntlet_arena_split_diamond,
          gammafunk_gauntlet_arena_spirals, nicolae_gauntlet_swirl,
          nicolae_gauntlet_exit_dead_adventurers]

Skill      XL: |  1  2  3  4  5  6  7  8  9 10 11 12 13 14 |
---------------+-------------------------------------------+-----
Maces & Flails | 4 5 6 8 9 10 12 13 | 13.8
Armour         | 1 2 3 4 5 7 8 9 11 12 | 12.9
Fighting       | 4 5 6 7 8 9 10 11 12 13 | 13.3
Dodging        | 4 5 6 7 8 9 10 11 12 | 12.4
Invocations    | 2 4 5 6 8 9 10 | 10.3
Axes           | 5 8 9 |  9.2
Stealth        | |  1.5

Action                   |  1- 3 |  4- 6 |  7- 9 | 10-12 | 13-15 || total
-------------------------+-------+-------+-------+-------+-------++-------
Melee: Mace              |    86 |    21 |       |       |       ||   107
       Headbutt          |    13 |     9 |    45 |   150 |    94 ||   311
       Flail             |       |    62 |   172 |   186 |       ||   420
       Whip              |       |       |    42 |   152 |    32 ||   226
       Morningstar       |       |       |       |   330 |    32 ||   362
       Broad axe         |       |       |       |    51 |   119 ||   170
       Great mace        |       |       |       |       |   213 ||   213
       Battleaxe         |       |       |       |       |   117 ||   117
Invok: Ancestor Life: He |       |     1 |       |       |       ||     1
       Idealise          |       |       |       |     1 |       ||     1
       Transference      |       |       |       |     1 |       ||     1
       Recall Ancestor   |       |       |       |     2 |     2 ||     4
Evoke: Wand              |       |       |       |     5 |     1 ||     6
  Use: Scroll            |     1 |       |     3 |    10 |    13 ||    27
       Potion            |       |       |       |     4 |    11 ||    15
 Stab: Sleeping          |     1 |     1 |     1 |       |       ||     3
       Distracted        |       |       |     3 |     9 |       ||    12
       Confused          |       |       |     2 |     8 |     7 ||    17
       Paralysed         |       |       |       |     1 |       ||     1
Armor: Ring mail         |    22 |    24 |    39 |    77 |       ||   162
       Plate armour      |       |       |       |   118 |   295 ||   413
Dodge: Dodged            |    72 |    61 |   111 |   297 |   348 ||   889
Block: Kite shield       |       |       |       |   225 |     3 ||   228
